 Dungeon Crawl Stone Soup version 0.27-a0-1456-gf5a116941d (webtiles) character file.

Game seed: 17805793765267536851

529 mandarbmax the Ruffian (level 7, 0/62 HPs)
             Began as a Troll Transmuter on July 7, 2021.
             Was an Initiate of Ru.
             Slain by Grinder (4 damage)
             ... while paralysed by Grinder
             ... on level 4 of the Dungeon.
             The game lasted 00:06:06 (3458 turns).

mandarbmax the Ruffian (Troll Transmuter)           Turns: 3458, Time: 00:06:07

Health: 0/62       AC:  6    Str: 19    XL:     7   Next: 3%
Magic:  1/7        EV:  1    Int: 11    God:    Ru [......]
Gold:   163        SH:  0    Dex: 16    Spells: 5/8 levels left

rFire    + . .     SeeInvis .     - Unarmed
rCold    . . .     Faith    .   (no shield)
rNeg     . . .     Spirit   .   c - +2 robe {rF+}
rPois    .         Reflect  .   (helmet currently unavailable)
rElec    .         Harm     .   (no cloak)
rCorr    .         Rampage  .   (gloves unavailable)
Will     .....                  (boots unavailable)
Stlth    +.........             (no amulet)
HPRegen  1.20/turn              j - +6 ring of dexterity
MPRegen  0.10/turn              (no ring)

@: paralysed, appendages (expiring), wereblooded, very slightly contaminated,
invisible
A: horns 2, talons 2, large, unfitting armour, claws 3, regeneration 1, shaggy
fur 1, tough skin 1
a: End Transformation, Renounce Religion


You were on level 4 of the Dungeon.
You worshipped Ru.
Ru was noncommittal.
You had temporarily grown beastly horns and talons.
You visited 1 branch of the dungeon, and saw 4 of its levels.

You collected 163 gold pieces.

Inventory:

Missiles
 b - 10 boomerangs (quivered)
 d - 24 poisoned darts
Armour
 c - a +2 robe of fire resistance (worn)
Jewellery
 a - a +6 ring of dexterity
 j - a +6 ring of dexterity (left claw)
 l - a ring of magical power
Scrolls
 e - a scroll of fear {unknown}
 f - a scroll of noise {unknown}
 h - a scroll of enchant weapon {unknown}
Potions
 g - a potion of flight
 k - a potion of magic {unknown}


   Skills:
 - Level 1.0 Fighting
 - Level 2.0 Dodging
 + Level 6.9 Unarmed Combat
 - Level 1.2 Spellcasting
 + Level 3.0 Transmutations


You had 5 spell levels left.
You knew the following spells:

 Your Spells              Type           Power      Damage    Failure   Level
a - Beastly Appendage     Tmut           14%        N/A       9%          1
b - Wereblood             Tmut           7%         N/A       14%         2

Your spell library contained the following spells:

 Spells                   Type           Power      Damage    Failure   Level
 Spider Form              Tmut/Pois      2%         N/A       45%         3
 Ignite Poison            Fire/Tmut/Pois 2%         N/A       52%         3
 Conjure Flame            Conj/Fire      0%         6-21      67%         3
 Gell's Gravitas          Tloc           0%         N/A       67%         3
 Teleport Other           Tloc           0%         N/A       67%         3
 Ice Form                 Ice/Tmut       4%         N/A       86%         4
 Sticky Flame             Conj/Fire      0%         2d3       97%         4
 Dispersal                Tloc           0%         N/A       100%        6


Dungeon Overview and Level Annotations

Branches:
Dungeon (4/15)
 Temple: D:4-7

Altars:
Ru

Annotations:
D:3 1 runed translucent door, Crazy Yiuf
D:4 Grinder


Innate Abilities, Weirdness & Mutations

You have temporarily grown beastly horns and talons.
You are too large for most types of armour.
You have claws for hands.
Your natural rate of healing is unusually fast.
You are covered in fur. (AC +1)
You have tough skin. (AC +1)


Message History

Edmund misses you. Grinder hits you but does no damage.
You scratch Edmund. You claw Edmund.
Edmund is severely wounded.
Grinder closely misses you.
You scratch Edmund. Your kick misses Edmund.
You headbutt Edmund, but do no damage.
Edmund is severely wounded.
Your transformation is almost over.
Edmund hits you with a +2 dire flail of protection!
Grinder hits you!
You writhe in agony.
You catch the helpless Edmund completely off-guard!
You claw Edmund! Your kick misses Edmund. You headbutt Edmund.
Edmund is almost dead.
Grinder hits you!
You writhe in agony.
Edmund hits you with a +2 dire flail of protection.
Unknown command.
You scratch Edmund but do no damage. Your kick misses Edmund.
You headbutt Edmund, but do no damage.
Edmund is almost dead.
Grinder hits you. Edmund barely misses you. Grinder barely misses you.
Unknown command.
You claw Edmund!
You feel a bit better.
You kill Edmund!
Grinder hits you.
You writhe in agony.
* * * LOW HITPOINT WARNING * * *
Your Transmutations skill increases to level 3!
You have reached level 7!
You closely miss Grinder. Your headbutt misses Grinder.
Grinder gestures at you.
You suddenly lose the ability to move!
Grinder hits you.
* * * LOW HITPOINT WARNING * * *
You writhe in agony.
* * * LOW HITPOINT WARNING * * *
Grinder gestures at you.
You shrug off the repeated paralysis!
Grinder gestures at you. You resist with significant effort. Grinder hits you!
* * * LOW HITPOINT WARNING * * *
You writhe in agony.
You die...

#.....................#
#....################.#
#....# ... #.## #..P.#
.. .#..# ##.PP#
###.######..#..# #.###
##[#.........#..#######
#.#
.#...........##.........
#.#
......5......[#..#######
#.#########)@#######.##
#....................#
###...#######.##..#.##
#.#########.....#.#
#.................#
###################


You could see Grinder (fast).

Vanquished Creatures
  Edmund (D:4)
  A black bear (D:4)
  An ogre (D:4)
  An orc priest (D:3)
  Jessica (D:3)
  2 orc wizards (D:3)
  3 gnolls (D:4)
  4 adders
  A worm (D:2)
  A dart slug (D:1)
  4 orcs (D:3)
  3 endoplasms
  5 giant cockroaches
  2 goblins
  6 hobgoblins
  7 jackals
  4 kobolds
  2 quokkas
  10 ball pythons
  3 bats
  6 frilled lizards
  3 rats
71 creatures vanquished.

Vanquished Creatures (others)
  5 fungi (D:3)
5 creatures vanquished.

Grand Total: 76 creatures vanquished

Notes
Turn   | Place    | Note
-------+----------+-------------------------------------------
     0 | D:1      | mandarbmax the Troll Transmuter began the quest for the
                  | Orb.
     0 | D:1      | Reached XP level 1. HP: 18/18 MP: 1/1
    30 | D:1      | Reached skill level 1 in Fighting
   124 | D:1      | Reached XP level 2. HP: 27/27 MP: 0/2
   225 | D:1      | Learned a level 2 spell: Wereblood
   740 | D:2      | Reached XP level 3. HP: 33/33 MP: 1/3
   818 | D:2      | Reached skill level 4 in Unarmed Combat
   973 | D:2      | Found a faded altar of an unknown god.
  1591 | D:3      | Reached XP level 4. HP: 14/41 MP: 1/4
  1830 | D:3      | Reached skill level 5 in Unarmed Combat
  1866 | D:3      | Reached XP level 5. HP: 37/48 MP: 3/5
  2110 | D:3      | Noticed Jessica
  2114 | D:3      | Killed Jessica
  2565 | D:3      | Found a runed translucent door.
  2566 | D:3      | Noticed Crazy Yiuf
  2659 | D:4      | Noticed a black bear
  2671 | D:4      | Killed a black bear
  2672 | D:4      | Reached skill level 6 in Unarmed Combat
  2672 | D:4      | Reached XP level 6. HP: 22/55 MP: 2/6
  3032 | D:4      | Found a sacrificial altar of Ru.
  3041 | D:4      | Became a worshipper of Ru the Awakened
  3442 | D:4      | Noticed Edmund
  3442 | D:4      | Noticed Grinder
  3455 | D:4      | Killed Edmund
  3456 | D:4      | Reached XP level 7. HP: 15/62 MP: 1/7
  3456 | D:4      | Paralysed by Grinder for 2 turns
  3458 | D:4      | Slain by Grinder

Illustrated notes

Levels and vault maps discovered:
D:1:      ncdulo_watergridlock, layout_basic, patterned_corridor
D:2:      layout_basic, shapermc_ecumenical_altar_mp_urbaneastern,
          grunt_decor_one_mirror, minmay_octomino_c4
D:3:      layout_basic, serial_park_tiny_pond, chequers_serial_rivers_micro_d,
          uniq_jessica, uniq_crazy_yiuf_cottage
D:4:      layout_basic, kennysheep_little_box, serial_curves, eino_curves_04,
          eino_curves_01, eino_curves_04, sigmund_edmund_badplayer, uniq_grinder

Skill      XL: |  1  2  3  4  5  6 |
---------------+-------------------+-----
Fighting       | 1 |  1.0
Dodging        | 2 |  2.0
Unarmed Combat | 4 5 6 |  6.9
Transmutations | 2 3 |  3.0
Spellcasting   | |  1.2

Action                   |  1- 3 |  4- 6 |  7- 9 || total
-------------------------+-------+-------+-------++-------
Melee: Unarmed           |    76 |    82 |     1 ||   159
       Kick              |    10 |    16 |       ||    26
       Headbutt          |     4 |    10 |       ||    14
       Punch             |       |     3 |       ||     3
Throw: Boomerang         |    22 |    17 |       ||    39
 Cast: Beastly Appendage |    22 |    19 |       ||    41
       Wereblood         |     2 |     5 |       ||     7
  Use: Scroll            |       |     3 |       ||     3
       Potion            |       |     2 |       ||     2
 Stab: Sleeping          |       |     1 |       ||     1
       Invisible         |       |     2 |       ||     2
Armor: Robe              |    19 |    40 |       ||    59
Dodge: Dodged            |    31 |    31 |       ||    62

Table legend: (Time is in decaauts)
 A = Elapsed time spent in this place.
 B = Non-inter-level travel time spent in this place.
 C = Inter-level travel time spent in this place.
 D = Time resting spent in this place.
 E = Time spent auto-exploring this place.
 F = Levels seen in this place.
 G = Mean time per level.
                   A        B        C        D        E       F      G
               +--------+--------+--------+--------+--------+-----+--------+
         Total |   3458 |   3367 |     91 |    426 |   2477 |   4 |  864.5 |
       Dungeon |   3458 |   3367 |     91 |    426 |   2477 |   4 |  864.5 |
               +--------+--------+--------+--------+--------+-----+--------+

Top non-repeatable levels by time:
     D:3: 1107 daAuts
     D:2: 909 daAuts
     D:4: 862 daAuts
     D:1: 579 daAuts
